Workbook

Sheet Matriz de Riesgos Bienes
B3: NÚMERO | C3: CLASE | D3: FUENTE | E3: ETAPA | F3: TIPO | G3: DESCRIPCIÓN | H3: CONSECUCIÓN DE LA OCURRENCIA DEL EVENTO | I3: PROBABILIDAD | J3: IMPACTO | K3: VALORACION DEL RIESGO | L3: CALIFICACIÓN MONETARIA | M3: CATEGORÍA | N3: A QUIEN SE LE ASIGNA EL RIESGO | O3: TRATAMIENTO/CONTROLES A SER IMPLEMENTADOS | P3: PROBABILIDAD | Q3: IMPACTO | R3: VALORACIÓN DEL RIESGO | S3: CATEGORÍA | T3: AFECTA LA EJECUCIÓN DEL CONTRATO | U3: PERSONA RESPONSABLE POR IMPLEMENTAR EL TRATAMIENTO | V3: FECHA ESTIMADA EN QUE SE INICIA EL TRATAMIENTO | W3: FECHA ESTIMADA EN QUE SE COMPLETA EL TRATAMIENTO | X3: COMO SE REALIZA EL MONITOREO | Y3: PERODICIDAD CUANDO
B4: 1 | C4: General | D4: Externo | E4: PLANEACIÓN / CONTRACTUAL / EJECUCIÓN | F4: Riesgo Social. | G4: Movimientos sociales que podrían bloquear las líneas de suministro. | H4: Se retrasa el cronograma general y específico de la totalidad del proceso contractual. | N4: Entidad/Contratista solo en etapa de Ejecución | O4: Ampliar plazo de entrega de los bienes. | U4: Entidad / Contratista (cuando se encuentre en ejecución). | V4: Elaboración de los estudios previos, pliegos de condición, invitaciones y contrato / Ejecución del contrato. | W4: Aprobación de los estudios previos, pliegos de condición, invitaciones y firma del contrato / Recibo a satisfacción de los bienes. | X4: Seguimiento por parte del Comité Estructurador-Contratos / Informes de Supervisión. | Y4: Discrecional del Comité Estructurador-Contratos / Discrecional del Supervisión del Contrato.
B5: 2 | C5: General | D5: Interno | E5: PLANEACIÓN / CONTRACTUAL / EJECUCIÓN | F5: Riesgo Político. | G5: Implementación de Convenios, Acuerdos de Cooperación y Tratados Internacionales que establezcan nuevas condiciones. | H5: Tratamiento desigual a Proponentes y Contratistas/Inseguridad Jurídica y Comercial presente en todo el proceso contractual. | N5: Entidad | O5: Subsanar errores/Implementar los Convenios, Acuerdos de Cooperación y Tratados Internacionales cuando sea pertinente en el proceso contractual. | U5: Entidad. | V5: Elaboración de los estudios previos, pliegos de condición, invitaciones y contrato / Ejecución del contrato. | W5: Aprobación de los estudios previos, pliegos de condición, invitaciones y firma del contrato / Recibo a satisfacción de los bienes. | X5: Seguimiento por parte del Comité Estructurador-Contratos / Informes de Supervisión. | Y5: Discrecional del Comité Estructurador-Contratos / Discrecional del Supervisión del Contrato.
B6: 3 | C6: General | D6: Interno | E6: PLANEACIÓN / CONTRACTUAL / EJECUCIÓN | F6: Riesgo Regulatorio. | G6: Implementación de nuevas normas técnicas/Cambios legales abruptos | H6: Los bienes solicitados y/o entregados no cumplen con las necesidades de la Entidad /Inseguridad Jurídica y Comercial presente en todo el proceso contractual. | N6: Entidad/Contratista solo en etapa de Ejecución | O6: Subsanar errores/Implementar nuevas normas técnicas en el proceso contractual./Implementar nuevo sistema legal o regulatorio en el proceso contractual. | U6: Entidad / Contratista (cuando se encuentre en ejecución). | V6: Elaboración de los estudios previos, pliegos de condición, invitaciones y contrato / Ejecución del contrato. | W6: Aprobación de los estudios previos, pliegos de condición, invitaciones y firma del contrato / Recibo a satisfacción de los bienes. | X6: Seguimiento por parte del Comité Estructurador-Contratos / Informes de Supervisión. | Y6: Discrecional del Comité Estructurador-Contratos / Discrecional del Supervisión del Contrato.
B7: 4 | C7: General | D7: Externo | E7: CONTRACTUAL / EJECUCIÓN | F7: Riesgo Económico | G7: Fluctuación de la tasa de cambio/Especulación y fluctuación de los precios | H7: Diferencias ostensibles en los precios finales del proceso contractual | N7: Contratista | O7: Estipular de manera clara en las diferentes etapas contractuales, los términos del pago y cambio si hay presencia de devisas extranjeras. | U7: Contratista | V7: Elaboración de los estudios previos, pliegos de condición, invitaciones y contrato / Ejecución del contrato. | W7: Aprobación de los estudios previos, pliegos de condición, invitaciones y firma del contrato / Recibo a satisfacción de los bienes. | X7: Seguimiento por parte del Comité Estructurador-Contratos / Informes de Supervisión. | Y7: Discrecional del Comité Estructurador-Contratos / Discrecional del Supervisión del Contrato.
B8: 5 | C8: General | D8: Externo | E8: EJECUCIÓN | F8: Riesgos Financieros | G8: Falta de liquidez/Condiciones financieras adversas | H8: Disolución obligatoria o voluntaria de la Empresa, Consorcio o Unión Temporal/Se retrasa el cronograma general y específico de la totalidad del proceso contractual. | N8: Contratista | O8: Terminación del Contrato/Ampliar plazo de entrega de los bienes. | U8: Contratista | V8: Dentro del término de ejecución del contrato. | W8: Recibo a satisfacción de los bienes. | X8: Seguimiento e informes por parte del Supervisor del Contrato | Y8: Discrecional del Supervisión del Contrato.
B9: 6 | C9: General | D9: Externo | E9: EJECUCIÓN | F9: Riesgo Operacional | G9: Inadecuados procesos, procedimientos, parámetros, equipos humanos o técnicos y sistemas de tecnología e información. | H9: Se retrasa el cronograma general y específico de la totalidad del proceso contractual/Se pueden presentar fallas operacionales de distinta índole dentro de la ejecución del contrato. | N9: Contratista | O9: Ampliar plazo de entrega de los bienes/Subsanar fallas y reponer bienes afectados. | U9: Contratista. | V9: Dentro del término de ejecución del contrato. | W9: Recibo a satisfacción de los bienes. | X9: Seguimiento e informes por parte del Supervisor del Contrato | Y9: Discrecional del Supervisión del Contrato.
B10: 7 | C10: General | D10: Externo | E10: EJECUCIÓN | F10: Riesgo Natural | G10: Presencia de eventos naturales | H10: Se retrasa el cronograma general y específico de la totalidad del proceso contractual | N10: Contratista (Salvo los riesgos que se escapan de la órbita de cuidado de éste) | O10: Ampliar plazo de entrega de los bienes. | U10: Contratista (Salvo los riesgos que se escapan de la órbita de cuidado de éste) | V10: Dentro del término de ejecución del contrato. | W10: Recibo a satisfacción de los bienes. | X10: Seguimiento e informes por parte del Supervisor del Contrato | Y10: Discrecional del Supervisión del Contrato.
B11: 8 | C11: General | D11: Externo | E11: EJECUCIÓN | F11: Riesgo Ambiental | G11: No obtención de licencias o permisos ambientales | H11: Se retrasa el cronograma general y específico de la totalidad del proceso contractual. | N11: Contratista | O11: Terminación del Contrato/Ampliar plazo de entrega de los bienes. | U11: Contratista. | V11: Dentro del término de ejecución del contrato. | W11: Recibo a satisfacción de los bienes. | X11: Seguimiento e informes por parte del Supervisor del Contrato | Y11: Discrecional del Supervisión del Contrato.
B12: 9 | C12: General | D12: Externo | E12: EJECUCIÓN | F12: Riesgo Tecnológico | G12: Fallas u obsolecencia tecnológica | H12: Los bienes solicitados y/o entregados no cumplen con las necesidades de la Entidad/Se retrasa el cronograma general y específico de la totalidad del proceso contractual. | N12: Contratista | O12: Subsanar errores/Ampliar plazo de entrega de los bienes. | U12: Contratista | V12: Dentro del término de ejecución del contrato. | W12: Recibo a satisfacción de los bienes. | X12: Seguimiento e informes por parte del Supervisor del Contrato | Y12: Discrecional del Supervisión del Contrato.

Sheet GUIA
B3: NÚMERO | C3: CLASE | D3: FUENTE | E3: ETAPA | F3: TIPO | G3: DESCRIPCIÓN | H3: CONSECUCIÓN DE LA OCURRENCIA DEL EVENTO | I3: PROBABILIDAD | J3: IMPACTO | K3: VALORACION DEL RIESGO | L3: CALIFICACIÓN MONETARIA | M3: CATEGORÍA | N3: A QUIEN SE LE ASIGNA EL RIESGO | O3: TRATAMIENTO/CONTROLES A SER IMPLEMENTADOS | P3: PROBABILIDAD | Q3: IMPACTO | R3: VALORACIÓN DEL RIESGO | S3: CATEGORÍA | T3: AFECTA LA EJECUCIÓN DEL CONTRATO | U3: PERSONA RESPONSABLE POR IMPLEMENTAR EL TRATAMIENTO | V3: FECHA ESTIMADA EN QUE SE INICIA EL TRATAMIENTO | W3: FECHA ESTIMADA EN QUE SE COMPLETA EL TRATAMIENTO | X3: COMO SE REALIZA EL MONITOREO | Y3: PERODICIDAD CUANDO | AA3: OBSERVACIONES DE SEGUIMIETNO | AB3: FECHA REAL QUE SE COMPLETA EL TRATAMIENTO
B4: 1 | C4: General | D4: Interno | E4: CONTRACTUAL | F4: Riesgo Regulatorio. | G4: Implementación de nuevas normas técnicas/Cambios legales abruptos | H4: Los bienes solicitados y/o entregados no cumplen con las necesidades de la Entidad | I4: 3 | J4: 4 | K4: =+J4+I4 -> 7 | L4: 1 | M4: Riesgo Alto | N4: Entidad/Contratista en etapa de Contratación | O4: Subsanar errores/Implementar nuevas normas técnicas en el proceso contractual./Implementar nuevo sistema legal o regulatorio en el proceso contractual. | P4: 3 | Q4: 1 | R4: =+Q4+P4 -> 4 | S4: Riesgo Bajo | U4: Entidad/Contratista en etapa de Contratación | V4: 41672 | W4: 41698 | X4: Elaboración de los estudios previos, pliegos de condición, invitaciones y contrato (De acuerdo con estándares internacionales US COAST GUARD - SOLAS - OMI) | Y4: Discrecional del Comité Estructurador-Contratos / Discrecional del Supervisor del Contrato.
N5: Entidad | O5: Asumir consecuencias patrimoniales y penales que se deriven del manejo indebido de la información que contenga por causa u ocasión de la ejecución del contrato. | U5: Entidad | V5: 41699 | W5: 41988
B6: 2 | C6: General | D6: Externo | E6: CONTRACTUAL / EJECUCIÓN | F6: Riesgo Económico | G6: Fluctuación de la tasa de cambio/Especulación y fluctuación de los precios | H6: Diferencias ostensibles en los precios finales del proceso contractual | I6: 3 | J6: 4 | K6: =+J6+I6 -> 7 | L6: 2 | M6: Riesgo Alto | N6: Entidad | O6: Acoger y formalizar la proyección cambiaria definida por el MDN | P6: 3 | Q6: 1 | R6: =+Q6+P6 -> 4 | S6: Riesgo Bajo | U6: Entidad | V6: 41654 | W6: 41685 | X6: Verificar el documento | Y6: 41698 | AA6: El Convenio se regira de acuerdo con lo establecido en el Oficio No. 14-5842 MDN-SGDF de Feb 4/2014. Trata Proyección tipo cambiario de 2014 a 2017 para preveer el desarrollo de los diferentes contratos de 2014-2017. | AB6: 41674
N7: Contratista | O7: Asumir sobre costos en materiales y fluctuación de los precios | U7: Contratista | V7: 41699 | W7: 41988 | X7: Verificar firma de pólizas de cumplimiento | Y7: 41698
B8: 3 | C8: General | D8: Externo | E8: CONTRACTUAL / EJECUCIÓN | F8: Riesgos Financieros | G8: Falta de liquidez/Condiciones financieras adversas | H8: Disolución obligatoria o voluntaria de la Empresa, Consorcio o Unión Temporal/Se retrasa el cronograma general y específico de la totalidad del proceso contractual. | I8: 1 | J8: 4 | K8: =+J8+I8 -> 5 | L8: 5 | M8: Riesgo Alto | N8: Contratista | O8: Presentar pólizas de cumplimiento | P8: 1 | Q8: 1 | R8: =+Q8+P8 -> 2 | S8: Riesgo Bajo | U8: Contratista | V8: 41672 | W8: 41698 | X8: Verificar firma de pólizas de cumplimiento | Y8: 41698
N9: Entidad | O9: Supervisión permanente del contrato | U9: Entidad | V9: 41699 | W9: 41988 | X9: Seguimiento e informes por parte del Supervisor del Contrato | Y9: Discrecional del Supervisor del Contrato.
B10: 4 | C10: General | D10: Externo | E10: EJECUCIÓN | F10: Riesgo Operacional | G10: Inadecuados procesos, procedimientos, parámetros, equipos humanos o técnicos y sistemas de tecnología e información. | H10: Se retrasa el cronograma general y específico de la totalidad del proceso contractual/Se pueden presentar fallas operacionales de distinta índole dentro de la ejecución del contrato./ Retrazo en la entrega de los bienes | I10: 2 | J10: 4 | K10: =+I10+J10 -> 6 | L10: 4 | M10: Riesgo Alto | N10: Contratista | O10: Presentar pólizas de cumplimiento | P10: 1 | Q10: 4 | R10: =+Q10+P10 -> 5 | S10: Riesgo Medio | U10: Contratista | V10: 41672 | W10: 41698 | X10: Verificar firma de pólizas de cumplimiento | Y10: Discrecional del Comité Estructurador-Contratos / Discrecional del Supervisor del Contrato.
N11: Entidad | O11: Supervisión permanente del contrato | U11: Entidad | V11: 41699 | W11: 41988 | X11: Seguimiento e informes por parte del Supervisor del Contrato | Y11: Discrecional del Supervisor del Contrato.
B12: 5 | C12: General | D12: Externo | E12: EJECUCIÓN | F12: Riesgo Natural | G12: Presencia de eventos naturales | H12: Se retrasa el cronograma general y específico de la totalidad del proceso contractual | I12: 3 | J12: 4 | K12: =+J12+I12 -> 7 | L12: 2 | M12: Riesgo Alto | N12: Contratista | O12: Ampliar plazo de entrega de los bienes. | P12: 3 | Q12: 4 | R12: =+Q12+P12 -> 7 | S12: Riesgo Alto | U12: Contratista | V12: 41699 | W12: 41988 | X12: Seguimiento e informes por parte del Supervisor del Contrato | Y12: Discrecional del Supervisor del Contrato.
B13: 6 | C13: General | D13: Externo | E13: EJECUCIÓN | F13: Riesgo Tecnológico | G13: Fallas u obsolecencia tecnológica | H13: Los bienes solicitados y/o entregados no cumplen con las necesidades de la Entidad/Se retrasa el cronograma general y específico de la totalidad del proceso contractual. | I13: 1 | J13: 4 | K13: =+J13+I13 -> 5 | L13: 4 | M13: Riesgo Medio | N13: Entidad | O13: Elaboración de las especificaciones técnicas y pliego de condiciones contemplando los avances tecnològiocs | P13: 1 | Q13: 2 | R13: =+Q13+P13 -> 3 | S13: Riesgo Bajo | U13: Entidad | V13: 41685 | W13: 41698 | X13: Especificaciones tècnicas aprobadas - Comité estructurador | Y13: 41690
N14: Entidad | O14: Verificación de las ofertas y evaluación técnica | U14: Entidad | V14: 41685 | W14: 41698 | X14: Evaluaciòn de ofertas y selecciòn | Y14: 41698
N15: Contratista | O15: Realizar pruebas de acepatación para el mar SAT | U15: Contratista | V15: 41699 | W15: 41988 | X15: Informe de las pruebas realizadas | Y15: Discrecional del Supervisor del Contrato.
N16: Entidad | O16: Supervisión permanente del contrato | U16: Entidad | V16: 41699 | W16: 41988 | X16: Seguimiento e informes por parte del Supervisor del Contrato | Y16: Discrecional del Supervisor del Contrato.
N17: Contratista | O17: Presentar pólizas de cumplimiento | U17: Contratista | V17: 41672 | W17: 41698 | X17: Verificar firma de pólizas de cumplimiento | Y17: 41698

Sheet Matriz de Riesgos 
B4: Matriz de Identificación y Cobertura de Riesgos de Contratación Convenio AUNAP
B5: NOTA: Elaborado con base en el "Manual para la Identificación y Cobertura de Riesgo en los Procesos de Contratación" de Colombia Compra Eficiente www.colombiacompra.gov.co | U5: IMPACTO DESPUES DEL TRATAMIENTO
B6: NÚMERO | C6: CLASE | D6: FUENTE | E6: ETAPA | F6: TIPO | G6: DESCRIPCIÓN | H6: CONSECUCIÓN DE LA OCURRENCIA DEL EVENTO | I6: PROBALILIDAD DEL RIESGO | J6: PROBABILIDAD | K6: IMPACTO (Categorización Cualitativa) | L6: IMPACTO | M6: IMPACTO (Categorización Monetaria) | N6: IMPACTO | O6: MAYOR IMPACTO DE CATEGORIZACION | P6: VALORACION DEL IMPACTO DEL RIESGO MAYOR | Q6: CATEGORÍA DEL RIESGO | R6: A QUIEN SE LE ASIGNA EL RIESGO | S6: PERSONA QUIEN IMPLEMENTA EL TRATAMIENTO | T6: TRATAMIENTO/CONTROLES A SER IMPLEMENTADOS | U6: PROBALILIDAD DEL RIESGO | V6: PROBABILIDAD | W6: IMPACTO (Categorización Cualitativa) | X6: IMPACTO | Y6: IMPACTO (Categorización Monetaria) | Z6: IMPACTO | AA6: MAYOR IMPACTO DE CATEGORIZACION | AB6: CATEGORÍA DEL RIESGO | AC6: FECHA ESTIMADA EN QUE SE INICIA EL TRATAMIENTO | AD6: FECHA ESTIMADA EN QUE SE COMPLETA EL TRATAMIENTO | AE6: COMO SE REALIZA EL MONITOREO | AF6: PERODICIDAD CUANDO | AH6: OBSERVACIONES DE SEGUIMIETNO | AI6: FECHA REAL QUE SE COMPLETA EL TRATAMIENTO
B7: 5 | C7: Específico | D7: Interno | E7: Ejecución | F7: Riesgos Operacionales | G7: Desequilibrio entre los compromisos adquiridos por las Entidades. | H7: Sobrecarga de actividades a cargo de una sola entidad en perjuicio de la misma. | I7: Valor 2, Improbable (puede ocurrir ocasionalmente) | J7: =IF(I7="","",VLOOKUP(I7,Listas!$F$3:$G$7,2,FALSE)) -> 2 | K7: Valor 3, Afecta la ejecución del contrato sin alterar el beneficio para las partes. | L7: =IF(K7="","",VLOOKUP(K7,Listas!$H$3:$J$7,3,FALSE)) -> 3 | M7: Valor 1, Los sobrecostos no representan más del 1% del valor del contrato. | N7: =IF(M7="","",VLOOKUP(M7,Listas!$I$3:$J$7,2,FALSE)) -> 1 | O7: =IF(L7="","",MAX(L7,N7)) -> 3 | P7: 5 | Q7: =IF(P7="","",IF(P7<=4,"Riesgo Bajo",IF(P7>=4.1,IF(P7<=5,"Riesgo Medio",IF(P7>=5.1,IF(P7<=7,"Riesgo Alto",IF(P7>=7.1%,"Riesgo Extremo","Error"))))))) -> Riesgo Medio | R7: Entidad y Contratista | S7: DIMAR - AUNAP | T7: Se debe realizar una analisis previo de los compromisos adquiridos por cada entidad con el fin de que se verifique su equilibrio en funcion del objeto del convenio. | U7: Valor 1, Raro (puede ocurrir excepcionalmente) | V7: =IF(U7="","",VLOOKUP(U7,Listas!$F$3:$G$7,2,FALSE)) -> 1 | W7: Valor 2, Dificulta la ejecución del contrato de manera baja. Aplicando medidas mínimas, se puede lograr el objeto contractual. | X7: =IF(W7="","",VLOOKUP(W7,Listas!$H$3:$J$7,3,FALSE)) -> 2 | Y7: Valor 1, Los sobrecostos no representan más del 1% del valor del contrato. | Z7: =IF(Y7="","",VLOOKUP(Y7,Listas!$I$3:$J$7,2,FALSE)) -> 1 | AA7: =IF(Z7="","",V7+V7) -> 2 | AB7: =IF(AA7="","",IF(AA7<=4,"Riesgo Bajo",IF(AA7>=4.1,IF(AA7<=5,"Riesgo Medio",IF(AA7>=5.1%,IF(AA7<=7,"Riesgo Alto",IF(AA7>=7.1%,"Riesgo Extremo","Error"))))))) -> Riesgo Bajo | AC7: Precontractual | AD7: Firma del convenio | AE7: Revisión costeo | AF7: Semestral

Sheet Listas
B2: Clase | C2: Fuente | D2: Etapa | E2: Tipo | F2: Probalilidad del Riesgo | G2: Valor | H2: Calificación Cualitativa | I2: Calificación Monetaria | J2: Valor | K2: Valoración | L2: =+PROPER(#REF!) -> #REF! | Q2: =IF(J4="","",IF(J4<=80%,"Riesgo Bajo",IF(J4>=80.1%,IF(J4<=100%,"Riesgo Medio",IF(J4>=100.1%,IF(J4<=140%,"Riesgo Alto",IF(J4>=140.1%,"Riesgo Extremo","Error"))))))) -> Riesgo Extremo | S2: Insignificante | T2: Menor | U2: Moderado | V2: Mayor | W2: Catastrófico
B3: General | C3: Interno | D3: Planeación | E3: Riesgos Económicos | F3: Valor 1, Raro (puede ocurrir excepcionalmente) | G3: 1 | H3: Valor 1, Obstruye la ejecución del contrato de manera intrascendente. | I3: Valor 1, Los sobrecostos no representan más del 1% del valor del contrato. | J3: 1 | K3: Insignificante | L3: Entidad | S3: 0.2 | T3: =+S3+20% -> 0.4 | U3: =+T3+20% -> 0.6 | V3: =+U3+20% -> 0.8 | W3: =+V3+20% -> 1
B4: Específico | C4: Externo | D4: Selección | E4: Riesgos Sociales o Políticos | F4: Valor 2, Improbable (puede ocurrir ocasionalmente) | G4: 2 | H4: Valor 2, Dificulta la ejecución del contrato de manera baja. Aplicando medidas mínimas, se puede lograr el objeto contractual. | I4: Valor 2,Los sobrecostos no representan más del 5% del valor del contrato. | J4: 2 | K4: Menor | L4: Contratista | Q4: Raro (puede ocurrir excepcionalmente) | R4: 0.2 | S4: =+$S3+R$4 -> 0.4 | T4: =+$S3+S$4 -> 0.6 | U4: =+$S3+T$4 -> 0.8 | V4: =+$S3+U$4 -> 1 | W4: =+$S3+V$4 -> 1.2
D5: Contratación | E5: Riesgos Operacionales | F5: Valor 3, Posible (puede ocurrir en cualquier momento futuro) | G5: 3 | H5: Valor 3, Afecta la ejecución del contrato sin alterar el beneficio para las partes. | I5: Valor 3,Genera un impacto sobre le valor del contrato entre un 5%y un 15%. | J5: 3 | K5: Moderado | L5: Entidad y Contratista | Q5: Improbable (puede ocurrir ocasionalmente) | R5: 0.4 | S5: =+$S4+R$4 -> 0.6 | T5: =+$S4+S$4 -> 0.8 | U5: =+$S4+T$4 -> 1 | V5: =+$S4+U$4 -> 1.2 | W5: =+$S4+V$4 -> 1.4
D6: Ejecución | E6: Riesgos Financieros | F6: Valor 4, Probable (probablemente va a ocurrir) | G6: 4 | H6: Valor 4, Obstruye la ejecución del contrato sustancialmente pero aún así permite la consecución del objeto del contrato. | I6: Valor 4, Incrementa el valor del contrato entre un 15% y un 30%. | J6: 4 | K6: Mayor | Q6: Posible (puede ocurrir en cualquier momento futuro) | R6: 0.6 | S6: =+$S5+R$4 -> 0.8 | T6: =+$S5+S$4 -> 1 | U6: =+$S5+T$4 -> 1.2 | V6: =+$S5+U$4 -> 1.4 | W6: =+$S5+V$4 -> 1.6
E7: Riesgos Regulatorios | F7: Valor 5, Casi Cierto (ocurre en la mayoría de las circunstancias) | G7: 5 | H7: Valor 5, Perturba la ejecución del contrato de manera grave, imposibilitando la consecución del objero del contrato. | I7: Valor 5, Impacto sobre el valor del contrato sobre más del 30% | J7: 5 | K7: Catastrófico | Q7: Probable (probablemente va a ocurrir) | R7: 0.8 | S7: =+$S6+R$4 -> 1 | T7: =+$S6+S$4 -> 1.2 | U7: =+$S6+T$4 -> 1.4 | V7: =+$S6+U$4 -> 1.6 | W7: =+$S6+V$4 -> 1.8
E8: Riesgos de la Naturaleza | Q8: Casi Cierto (ocurre en la mayoría de las circunstancias) | R8: 1 | S8: =+$S7+R$4 -> 1.2 | T8: =+$S7+S$4 -> 1.4 | U8: =+$S7+T$4 -> 1.6 | V8: =+$S7+U$4 -> 1.8 | W8: =+$S7+V$4 -> 2
E9: Riesgos Ambientales
E10: Riesgos Tecnológicos
